 Dungeon Crawl Stone Soup version 0.32-a0-38-gb04dd89b9b (webtiles) character file.

Game seed: 487186649994020462

1832 IdlyInterested the Trooper (level 8, -5/61 (64) HPs)
             Began as a Demonspawn Gladiator on Jan 23, 2024.
             Was a Follower of Jiyva.
             Slain by a wight
             ... wielding a +0 trident
              (11 damage)
             ... on level 7 of the Dungeon.
             The game lasted 00:19:12 (5505 turns).

IdlyInterested the Trooper (Demonspawn Gladiator)   Turns: 5505, Time: 00:19:12

HP:   -5/61 (64)    AC:  6    Str: 24    XL:     8   Next: 86%
MP:   8/8           EV: 13    Int:  9    God:    Jiyva [*.....]
Gold: 227           SH:  0    Dex: 20    Spells: 7/7 levels left

rFire   x . .        y - +12 mace "Fuwnics" {venom, *Noise rElec rF- Str+7}
rCold   . . .        (no shield)
rNeg    + + .        r - +2 robe of Articulation {^Contam rN++ Slay+6}
rPois   +            (helmet restricted)
rElec   +            (no cloak)
rCorr   .            (no gloves)
SInv    .            (no boots)
Will    .....        Q - amulet of the acrobat
Stlth   ++           q - +6 ring of dexterity
HPRegen 1.10/turn    B - ring of poison resistance
MPRegen 0.51/turn

%: acrobat
@: lightly drained
A: horns 2, molten scales 1, powered by death 1
a: Renounce Religion


You were on level 7 of the Dungeon.
You worshipped Jiyva.
Jiyva was aware of your devotion.
You visited 1 branch of the dungeon, and saw 7 of its levels.
You also visited: Sewer.

You collected 360 gold pieces.
You spent 133 gold pieces at shops.

Inventory:

Hand Weapons
 a - a +0 long sword
 f - a +0 short sword of electrocution
 j - a +2 dagger of venom
 v - a +2 flail of draining
 y - the +12 mace "Fuwnics" (weapon) {venom, *Noise rElec rF- Str+7}
   (You found it on level 3 of the Dungeon)

   Str+7:     It affects your strength (+7).
   rF-:       It makes you vulnerable to fire.
   rElec:     It insulates you from electricity.
   *Noise:    It may make a loud noise when swung.
 C - a +0 morningstar
Missiles
 c - 58 stones (quivered)
 d - 4 throwing nets
 e - 7 javelins
 t - 6 poisoned darts
 u - 5 datura-tipped darts
 A - 7 boomerangs
Armour
 l - the +6 scale mail "Jaiclyhe" {rElec rC- Int+6 Stlth-}
   (You found it on level 2 of the Dungeon)

   Int+6:     It affects your intelligence (+6).
   rC-:       It makes you vulnerable to cold.
   rElec:     It insulates you from electricity.
   Stlth-:    It makes you less stealthy.
 r - the +2 robe of Articulation (worn) {^Contam rN++ Slay+6}
   (You found it on level 4 of the Dungeon)

   Slay+6:    It affects your accuracy & damage with ranged weapons and melee
   (+6).
   rN++:      It greatly protects you from negative energy.
   ^Contam:   It causes magical contamination when unequipped.
 z - a +3 ring mail of fire resistance
 D - a +3 leather armour
 O - the +0 ring mail "Orghoz" {rElec rF- Str+6 Stlth-}
   (You found it in a sewer)

   Str+6:     It affects your strength (+6).
   rF-:       It makes you vulnerable to fire.
   rElec:     It insulates you from electricity.
   Stlth-:    It makes you less stealthy.
Magical Staves
 b - a staff of alchemy
 I - a staff of death
Jewellery
 q - a +6 ring of dexterity (left hand)
 B - a ring of poison resistance (right hand)
 Q - an amulet of the acrobat (around neck)
Talismans
 x - a serpent talisman
Wands
 R - a wand of flame (14)
 S - a wand of charming (8)
Scrolls
 g - 2 scrolls of immolation
 i - a scroll of enchant armour
 k - 2 scrolls of amnesia
 m - a scroll of silence
 n - 3 scrolls of teleportation
 s - a scroll of revelation
 w - a scroll of identify
 H - a scroll of noise
 J - a scroll of fog
Potions
 h - a potion of mutation {unknown}
 o - a potion of degeneration {unknown}
 p - a potion of heal wounds {unknown}
 E - a potion of curing
 F - a potion of berserk rage
 K - 2 potions of cancellation
 L - 2 potions of haste
 M - a potion of might {unknown}
 N - a potion of magic {unknown}
 P - a potion of ambrosia {unknown}
Miscellaneous
 G - a phial of floods


   Skills:
 - Level 6.0 Fighting
 - Level 3.0 Long Blades
 - Level 6.0 Throwing
 - Level 2.0 Armour
 - Level 3.0 Dodging
 - Level 2.0 Stealth
 - Level 2.0 Shields
 - Level 2.0 Unarmed Combat
 * Level 5.2 Evocations
 - Level 1.0 Shapeshifting


You had 7 spell levels left.
You didn't know any spells.
Your spell library contained the following spells:

 Spells                   Type           Power      Damage    Failure   Level
 Apportation              Tloc           0%         N/A       38%         1
 Jinxbite                 Hex            0%         N/A       52%         2
 Mercury Vapours          Alch/Air       0%         N/A       52%         2
 Mephitic Cloud           Conj/Alch/Air  0%         N/A       77%         3
 Alistair's Intoxication  Alch           0%         N/A       100%        5
 Freezing Cloud           Conj/Ice/Air   0%         6-21      100%        5


Dungeon Overview and Level Annotations

Branches:
Dungeon (7/15)              Sewer (visited)
 Temple: D:4-7

Altars:
Okawaru
Sif Muna
Xom

Shops:
D:5 *


Innate Abilities, Weirdness & Mutations

You have a pair of horns on your head.
You are partially covered in molten scales. (AC +2)
You regenerate a little health from kills.


Message History

Reactivating autopickup.
The sky beast barely misses you.
You sock the wight!
You destroy the wight!
The wight hits you with a +0 falchion.
* * * LOW HITPOINT WARNING * * *
You partially resist.
You feel drained. The wight completely misses you.
The sky beast flickers out of sight!
Deactivating autopickup; reactivate with Ctrl-A.
Something hits you but does no damage. The wight closely misses you.
Training target 2.0 for Stealth reached!
Your Stealth skill increases to level 2!
Your Evocations skill increases to level 5!
The wight attacks as it pursues you! The wight completely misses you. x2
Something hits you.
* * * LOW HITPOINT WARNING * * *
Something shocks you. You resist.
* * * LOW HITPOINT WARNING * * *
Things that are here:
a +4 spear; a +0 robe The wight attacks as it pursues you!
The wight completely misses you. x2
A sky beast appears from thin air!
Reactivating autopickup.
You sock the wight!
The wight is almost destroyed.
The wight hits you with a +0 great sword.
* * * LOW HITPOINT WARNING * * *
You partially resist.
You feel drained. The wight hits you with a +0 falchion.
* * * LOW HITPOINT WARNING * * *
The wight barely misses you.
You sock the wight!
You destroy the wight!
The wight hits you but does no damage. The sky beast hits you.
* * * LOW HITPOINT WARNING * * *
The sky beast shocks you. You resist.
* * * LOW HITPOINT WARNING * * *
Unknown command.
You closely miss the wight. The wight barely misses you.
The wight hits you from afar with a +0 trident!
You die...

#.......##.......#
#......^##.......#
#.......##.......#
#.......##########
####.......##..
#....~......'..
..#....)z.#####.
......#z#<#
##....z@#.#
#....Y.#.#
##.....#.#
#...#.#.#
.......#.#
##........#
#........#
#.......


You could see a sky beast and 3 wights.

Vanquished Creatures
  Sigmund (D:4)
  Edmund (D:4)
  2 water moccasins
  An ogre (D:5)
  A black bear (D:6)
  A phantom (D:4)
  3 scorpions
  2 wights (D:7)
  A howler monkey (D:6)
  4 bombardier beetles
  An orc priest (D:3)
  3 jellies
  Jessica (D:2)
  A sleepcap (D:6)
  An iguana (D:5)
  3 orc wizards
  4 gnolls (D:4)
  7 adders
  A white imp (D:5)
  2 ufetubi (D:6)
  A ribbon worm (D:2)
  4 dart slugs
  21 orcs
  13 endoplasms
  8 giant cockroaches
  9 goblins
  4 hobgoblins
  3 jackals
  9 quokkas
  8 ball pythons
  4 bats
  7 frilled lizards
  6 kobolds
  3 rats
141 creatures vanquished.

Vanquished Creatures (collateral kills)
  A scorpion (D:4)
  A sleepcap (D:4)
  A ribbon worm (D:4)
  An orc (D:4)
  2 jackals (D:4)
6 creatures vanquished.

Vanquished Creatures (others)
  A phantom (D:6)
  A bombardier beetle (D:4)
2 creatures vanquished.

Grand Total: 149 creatures vanquished

Notes
Turn   | Place    | Note
-------+----------+-------------------------------------------
     0 | D:1      | IdlyInterested the Demonspawn Gladiator began the quest for
                  | the Orb.
     0 | D:1      | Reached XP level 1. HP: 16/16 MP: 1/1
   196 | D:1      | Found a faded altar of an unknown god.
   254 | D:1      | Gained mutation: You have a pair of small horns on your
                  | head. [demonic ancestry]
   254 | D:1      | Reached XP level 2. HP: 23/23 MP: 2/2
   779 | D:2      | Noticed Jessica
   787 | D:2      | Killed Jessica
   788 | D:2      | Gained mutation: You regenerate a little health from kills.
                  | [demonic ancestry]
   788 | D:2      | Reached XP level 3. HP: 22/29 MP: 3/3
   790 | D:2      | Identified the +6 scale mail "Jaiclyhe" {rElec rC- Int+6
                  | Stlth-}
   999 | D:2      | Reached XP level 4. HP: 37/37 MP: 4/4
  1573 | D:2      | Found an iron altar of Okawaru.
  2094 | D:3      | Reached skill level 1 in Unarmed Combat
  2094 | D:3      | Reached XP level 5. HP: 43/43 MP: 5/5
  2363 | D:3      | Found a shimmering altar of Xom.
  2363 | D:3      | Found a shimmering blue altar of Sif Muna.
  2396 | D:3      | Identified the +12 mace "Fuwnics" {venom, *Noise rElec rF-
                  | Str+7}
  2820 | D:4      | Noticed a phantom
  2828 | D:4      | Noticed Edmund
  2834 | D:4      | Killed a phantom
  2835 | D:4      | Reached skill level 5 in Fighting
  2835 | D:4      | Reached skill level 1 in Armour
  2837 | D:4      | Gained mutation: You are partially covered in molten
                  | scales. (AC +2) [demonic ancestry]
  2837 | D:4      | Reached XP level 6. HP: 51/51 MP: 6/6
  2866 | D:4      | Killed Edmund
  2867 | D:4      | Reached skill level 1 in Stealth
  3086 | D:4      | Gained mutation: You have a pair of horns on your head.
                  | [demonic ancestry]
  3086 | D:4      | Reached XP level 7. HP: 53/58 MP: 7/7
  3138 | D:4      | Noticed Sigmund
  3147 | D:4      | Reached skill level 1 in Shields
  3159 | D:4      | Killed Sigmund
  3160 | D:4      | Reached skill level 1 in Shapeshifting
  3317 | D:4      | Identified the +2 robe of Articulation {^Contam rN++
                  | Slay+6}
  3803 | D:5      | Entered Level 5 of the Dungeon
  3807 | D:5      | Reached skill level 5 in Throwing
  3807 | D:5      | Reached skill level 1 in Evocations
  4139 | D:5      | Reached XP level 8. HP: 49/64 MP: 8/8
  4322 | D:5      | Found Ocengi's CLEARANCE SALE!.
  4330 | D:5      | Bought a phial of floods for 80 gold pieces
  4330 | D:5      | Bought a scroll of noise for 2 gold pieces
  4330 | D:5      | Bought a staff of death for 50 gold pieces
  4330 | D:5      | Bought 9 stones for 1 gold piece
  4705 | D:6      | Found a glowing drain.
  4720 | Sewer    | Entered a sewer
  4821 | Sewer    | Found a viscous altar of Jiyva.
  4850 | Sewer    | Identified the +0 ring mail "Orghoz" {rElec rF- Str+6
                  | Stlth-}
  4937 | Sewer    | Became a worshipper of Jiyva Jejusmuw the Shapeless
  5492 | D:7      | Reached * piety under Jiyva
  5500 | D:7      | Reached skill level 5 in Evocations
  5505 | D:7      | Slain by a wight

Illustrated notes

Levels and vault maps discovered:
D:1:      evilmike_arrival_hilbert_curve, layout_loops_ring,
          shapermc_ecumenical_altar_hornbeckon,
          nicolae_concentric_dashed_squares_mild
D:2:      layout_basic, basic_altar, corexii_shack, uniq_jessica
D:3:      layout_rooms, gammafunk_temple_overflow_wave, minmay_fountain_box
D:4:      layout_basic, uniq_sigmund, uniq_edmund
D:5:      layout_cave_pods, nicolae_shop_clearance
D:6:      layout_basic, cheibrodos_sewer_entry_drain
D:7:      layout_basic, minmay_temple_entry_stoned_glass, serial_shops,
          nicolae_stop_n_shop_2

Skill      XL: |  1  2  3  4  5  6  7  8 |
---------------+-------------------------+-----
Throwing       | 2 3 5 6 |  6.0
Fighting       | 3 4 5 6 |  6.0
Long Blades    | 3 |  3.0
Dodging        | 3 |  3.0
Unarmed Combat | 1 2 |  2.0
Armour         | 1 2 |  2.0
Stealth        | 1 2 |  2.0
Shields        | 1 2 |  2.0
Shapeshifting  | 1 |  1.0
Evocations     | 1 5 |  5.2

Action                     |  1- 3 |  4- 6 |  7- 9 || total
---------------------------+-------+-------+-------++-------
  Melee: Long sword        |    69 |    98 |       ||   167
         Headbutt          |    11 |    26 |    27 ||    64
         Mace              |       |    20 |   125 ||   145
         Punch             |       |     1 |     1 ||     2
  Throw: Dart              |       |     5 |       ||     5
         Stone             |       |     3 |     2 ||     5
    Use: Scroll            |       |     7 |     4 ||    11
         Potion            |       |     1 |     4 ||     5
   Stab: Sleeping          |       |       |     1 ||     1
 Armour: Chain mail        |    59 |    53 |       ||   112
         Scale mail        |       |    24 |       ||    24
         Ring mail         |       |     6 |    27 ||    33
         Robe              |       |       |    65 ||    65
  Dodge: Dodged            |    25 |    70 |    99 ||   194

Table legend: (Time is in decaauts)
 A = Elapsed time spent in this place.
 B = Non-inter-level travel time spent in this place.
 C = Inter-level travel time spent in this place.
 D = Time resting spent in this place.
 E = Time spent auto-exploring this place.
 F = Levels seen in this place.
 G = Mean time per level.
                   A        B        C        D        E       F      G
               +--------+--------+--------+--------+--------+-----+--------+
         Total |   5600 |   4919 |    681 |    793 |   2741 |   8 |  700.0 |
       Dungeon |   5332 |   4651 |    681 |    793 |   2644 |   7 |  761.7 |
         Sewer |    267 |    267 |      0 |      0 |     97 |   1 |  267.0 |
               +--------+--------+--------+--------+--------+-----+--------+

Top non-repeatable levels by time:
     D:4: 1062 daAuts
     D:2: 1061 daAuts
     D:1: 1054 daAuts
     D:5: 845 daAuts
     D:3: 656 daAuts
     D:6: 617 daAuts
   Sewer: 267 daAuts
     D:7: 35 daAuts
